 Dungeon Crawl Stone Soup version 0.19-a0-1260-gc94d3f7 (webtiles) character file.

70 4thArraOfDagon the Skirmisher (level 4, -1/31 HPs)
             Began as a Halfling Wanderer on Aug 28, 2016.
             Slain by Edmund
             ... wielding a +6 dire flail of protection
              (14 damage)
             ... on level 6 of the Dungeon.
             The game lasted 00:03:04 (467 turns).

4thArraOfDagon the Skirmisher (Halfling Wanderer)    Turns: 467, Time: 00:03:06

Health: -1/31      AC:  4    Str: 11    XL:     4   Next: 45%
Magic:  4/4        EV: 12    Int: 15    God:
Gold:   94         SH:  0    Dex: 16    Spells: 0 memorised, 3 levels left

rFire  . . .     SeeInvis .     c - +0 quarterstaff
rCold  . . .     Gourm    .     a - +2 scale mail
rNeg   . . .     Faith    .     (shield currently unavailable)
rPois  .         Spirit   .     i - +0 helmet
rElec  .         Dismiss  .     (no cloak)
rCorr  .         Reflect  .     (no gloves)
MR     .....     Harm     .     (no boots)
Stlth  +.........               (no amulet)
                                (no ring)
                                e - -5 ring of protection (curse)

@: brilliant
A: mutation resistance 1
a: no special abilities


You were on level 6 of the Dungeon.
You were not hungry.

You visited 1 branch of the dungeon, and saw 5 of its levels.

You collected 94 gold pieces.

Inventory:

Hand Weapons
 b - a +0 dagger
 c - a +0 quarterstaff (weapon)
Armour
 a - a +2 scale mail (worn)
 i - a +0 helmet (worn)
Jewellery
 e - a cursed -5 ring of protection (left hand)
Wands
 g - a wand of flame (13/48)
Potions
 f - a potion of brilliance
Comestibles
 d - a bread ration


   Skills:
 - Level 3.1 Fighting
 * Level 1.8 Short Blades
 - Level 1.5 Staves
 + Level 3.1 Armour
 + Level 2.5 Dodging
 - Level 1.1 Stealth
   Level 1.1 Shields


You had 3 spell levels left.
You didn't know any spells.

Dungeon Overview and Level Annotations

Branches:
Dungeon (6/15)
 Temple: D:4-7

Altars:
Xom

Annotations:
D:6 Edmund


Innate Abilities, Weirdness & Mutations

You are small and have problems with some larger weapons.
You are somewhat resistant to further mutation.


Message History

Unknown command.
Enter note: RIP:D You aren't carrying any spellbooks or scrolls.
Okay, then.
Unknown command.
Edmund hits you but does no damage.
You climb downwards.
There is a stone staircase leading up here.
Unknown command.
Your magical contamination has completely faded away.
You see here 6 gold pieces.
Edmund closely misses you.
Edmund says, "People think my brother is the best.
I think he's crazy."
You see here 6 gold pieces.
There is a stone staircase leading down here.
Edmund gestures with his flail.
There is a stone staircase leading down here.
Edmund mutters, "Who needs spells, anyway?"
Edmund hits you with a dire flail of protection!
You die...

#.#.#....<........
...........######
#.#...(.......#
..............#####
.............<....#
..............###$#
.......#'#...@..#.#
..##...#_#..###.#.#
#......###..@@..#.#
...........#####.###
##...#.............#
................#.#
..###.######.##.# .
... ...# # ###.
##.## #. ..# ###


You could see Edmund.

Vanquished Creatures
  A giant frog zombie (D:6)
  An orc wizard (D:5)
  3 orcs (D:5)
  A ball python (D:5)
  A bat (D:2)
  2 giant cockroaches
  A hobgoblin (D:1)
  A giant newt (D:1)
  A kobold (D:1)
12 creatures vanquished.

Notes
Turn   | Place    | Note
-------+----------+-------------------------------------------
     0 | D:1      | 4thArraOfDagon the Halfling Wanderer began the quest for the Orb.
     0 | D:1      | 4thArraOfDagon set off with: a +2 scale mail, a potion of lignification, a +0 quarterstaff, a bread ration
     0 | D:1      | Reached XP level 1. HP: 15/15 MP: 1/1
   206 | D:2      | You fall through a shaft for 2 floors!
   229 | D:5      | Entered Level 5 of the Dungeon
   231 | D:5      | Reached XP level 2. HP: 14/20 MP: 2/2
   276 | D:5      | Reached XP level 3. HP: 26/26 MP: 3/3
   389 | D:6      | Found a shimmering altar of Xom.
   402 | D:6      | Reached skill level 1 in Short Blades
   402 | D:6      | Reached XP level 4. HP: 6/31 MP: 4/4
   422 | D:5      | Noticed Edmund
   423 | D:5      | RIP:D
   428 | D:6      | Turgon: Hi, -5 ring of prot?
   467 | D:6      | Slain by Edmund

Vault maps used:
D:1:      minmay_arrival_split_and_join
D:2:      trog_book, uniq_crazy_yiuf_cottage, uniq_iyjb
D:4:      corexii_shantytown
D:5:      dancing_weapons_uskayaw, first_bread, uniq_eustachio, uniq_edmund
D:6:      kennysheep_mini_moat, gammafunk_temple_overflow_forgotten

Skill      XL: |  1  2  3 |
---------------+----------+-----
Fighting       | 3 |  3.1
Dodging        | 2 |  2.5
Short Blades   | 1 |  1.8
Armour         | 3 |  3.1
Staves         | |  1.5
Stealth        | |  1.1
Shields        | |  1.1

Action                   |  1- 3 |  4- 6 || total
-------------------------+-------+-------++-------
Melee: Quarterstaff      |    34 |     1 ||    35
  Use: Scroll            |     1 |       ||     1
       Potion            |     4 |       ||     4
 Stab: Invisible         |       |     1 ||     1
Armor: Scale mail        |     7 |     1 ||     8
       Skin              |     6 |       ||     6
Dodge: Dodged            |    26 |     1 ||    27
